 Dungeon Crawl Stone Soup version 0.30-a0-900-g23479c02f2 (webtiles) character file.

Game seed: 2622628874127531757

3980 Newt the Markskobold (level 10, -5/64 HPs)
             Began as a Kobold Hunter on Mar 18, 2023.
             Was an Initiate of Hepliaklqana.
             Shot with a bolt by an orc warrior (12 damage)
             ... on level 8 of the Dungeon.
             The game lasted 00:05:58 (6586 turns).

Newt the Markskobold (Kobold Hunter)                Turns: 6586, Time: 00:05:59

Health: -5/64      AC:  4    Str: 14    XL:     10   Next: 46%
Magic:  10/10      EV: 21    Int: 11    God:    Hepliaklqana [......]
Gold:   437        SH:  0    Dex: 32    Spells: 9/9 levels left

rFire   . . .      SeeInvis .    u - +8 arbalest "Zuatz" {freeze, rPois Dex+3}
rCold   . . .      Faith    .    (shield currently unavailable)
rNeg    . . .      Spirit   .    c - +0 leather armour
rPois   +          Reflect  .    (no helmet)
rElec   .          Rampage  .    s - +0 cloak
rCorr   +                        (no gloves)
Will    .....                    (no boots)
Stlth   ++++                     (no amulet)
HPRegen 0.30/turn                f - ring of Pahoaw {+Blink rCorr Str+6}
MPRegen 0.12/turn                h - +6 ring of dexterity

@: no status effects
A: small, no large weapons, nightstalker 3
a: Renounce Religion, Evoke Blink


You were on level 8 of the Dungeon.
You worshipped Hepliaklqana.
Hepliaklqana was noncommittal.
You visited 2 branches of the dungeon, and saw 9 of its levels.
You also visited: Sewer.

You collected 475 gold pieces.
You spent 38 gold pieces at shops.

Inventory:

Hand Weapons
 a - a +3 shortbow
 u - the +8 arbalest "Zuatz" (weapon) {freeze, rPois Dex+3}
   (You acquired it on level 4 of the Dungeon)

   Dex:       It affects your dexterity (+3).
   rPois:     It protects you from poison.
Missiles
 p - 2 throwing nets
Armour
 c - a +0 leather armour (worn)
 s - a +0 cloak (worn)
Jewellery
 f - the ring of Pahoaw (left hand) {+Blink rCorr Str+6}
   (You found it on level 2 of the Dungeon)

   [ring of strength]

   Str:       It affects your strength (+6).
   +Blink:    It lets you blink.
   rCorr:     It protects you from acid and corrosion.
 h - a +6 ring of dexterity (right hand)
 t - a ring of poison resistance
Wands
 r - a wand of light (9)
Scrolls
 b - 2 scrolls of immolation
 e - 3 scrolls of noise
 m - 2 scrolls of blinking
 o - 2 scrolls of teleportation
 x - a scroll of torment {unknown}
Potions
 d - 3 potions of curing
 g - a potion of attraction
 i - a potion of haste
 j - a potion of might
 k - a potion of berserk rage
 l - a potion of brilliance
 n - a potion of invisibility
 q - a potion of lignification
 v - a potion of flight {unknown}


   Skills:
 - Level 8.0 Fighting
 + Level 15.9 Ranged Weapons
 - Level 6.0 Dodging
 - Level 1.3 Stealth


You had 9 spell levels left.
You didn't know any spells.
Your spell library contained the following spells:

 Spells                   Type           Power      Damage    Failure   Level
 Magic Dart               Conj           0%         1d3       41%         1
 Necrotise                Necr           0%         1d4       41%         1
 Sting                    Tmut/Pois      0%         1d3       41%         1
 Call Imp                 Summ           0%         N/A       56%         2
 Poisonous Vapours        Pois/Air       0%         N/A       56%         2
 Mephitic Cloud           Conj/Pois/Air  0%         N/A       80%         3
 Vampiric Draining        Necr           0%         2d6       80%         3
 Leda's Liquefaction      Hex/Erth       0%         N/A       99%         4
 Olgreb's Toxic Radiance  Pois           0%         N/A       99%         4
 Agony                    Necr           0%         N/A       100%        5
 Lee's Rapid Deconstruct  Erth           0%         3d4*      100%        5
 Statue Form              Tmut/Erth      0%         N/A       100%        6


Dungeon Overview and Level Annotations

Branches:
Dungeon (8/15)             Temple (1/1) D:7           Sewer (visited)
   Lair: D:8-11

Altars:
Dithmenos
Elyvilon
Fedhas
Gozag
Hepliaklqana
Kikubaaqudgha
Okawaru
Ru
Sif Muna
Trog
Uskayaw
Vehumet
Wu Jian
Xom
Yredelemnul
Zin
The Shining One

Shops:
D:2 !   D:3 *   D:7 :

Annotations:
D:4 1 runed translucent door


Innate Abilities, Weirdness & Mutations

You are small and have problems with some larger weapons.
You are completely attuned to the shadows.


Message History

The orc wizard hits you but does no damage.
Unknown command.
You shoot a bolt. The bolt barely misses the orc wizard.
The orc wizard hits you but does no damage.
An orc comes into view. It is wielding a +0 hand axe.
The orc wizard gestures at you while chanting.
The magic dart hits you.
* * * LOW HITPOINT WARNING * * *
Unknown command.
You shoot a bolt. The bolt hits the orc wizard!!
The bolt freezes the orc wizard.
You kill the orc wizard!
You hear a shout!
Unknown command.
The orc misses you.
Things that are here:
a +0 dagger; a +0 robe Unknown command.
You shoot a bolt. The bolt hits the orc.
The bolt freezes the orc.
You kill the orc!
Items here: )))))) [[ †††.
You start resting.
An orc warrior comes into view. It is wielding a +0 flail.
An orc warrior is nearby!
An orc warrior is nearby!
Fire: u) +8 arbalest "Zuatz" {freeze, rPois Dex+3}
Press: ? - help, Shift-Dir - straight line, f - orc warrior
Aim: an orc warrior, wielding a +0 flail, wearing a +0 plate armour and wearing a ring of protection from fire (77% to hit)
You shoot a bolt.
The bolt closely misses the orc warrior.
The orc warrior unwields a +0 flail.
The orc warrior wields a +0 arbalest.
The orc warrior shoots a bolt.
The bolt hits you!
* * * LOW HITPOINT WARNING * * *
Fire: u) +8 arbalest "Zuatz" {freeze, rPois Dex+3}
Press: ? - help, Shift-Dir - straight line, f/p - orc warrior
Aim: an orc warrior, wielding a +0 arbalest, wearing a +0 plate armour and wearing a ring of protection from fire (77% to hit)
You shoot a bolt. The bolt barely misses the orc warrior.
Unknown command.
You feel better.
The orc warrior shoots a bolt.
The bolt hits you!
You die...

.....#####
#........# .#
#...<)##.##'####
####))##.#......
.....†)...........
..................
#.....#.##'###....
#.....$..o.###..##
(.....#.##))@))...
.#.#.##.###).## #
#.##.# .... ...
.### .## ..


You could see an orc warrior.

Vanquished Creatures
  2 two-headed ogres (D:8)
  Pikel (D:7)
  Grinder (D:6)
  Sigmund (D:6)
  Menkaure (D:6)
  A black bear (D:7)
  An ice beast (D:6)
  An orc warrior (D:8)
  2 sky beasts
  An ogre (D:5)
  2 centaurs (D:7)
  A lemure (D:7)
  A kobold brigand (D:8)
  3 bullfrogs
  A scorpion (D:7)
  A howler monkey (D:8)
  A human zombie (D:4)
  2 jellies
  3 orc priests
  Crazy Yiuf (D:3)
  6 iguanas
  3 sleepcaps
  6 orc wizards
  6 adders
  3 shadow imps
  4 ufetubi
  A dart slug (D:4)
  25 orcs
  11 ball pythons
  8 endoplasms
  16 giant cockroaches
  4 goblins
  7 hobgoblins
  5 quokkas
  7 bats
  9 frilled lizards
  15 kobolds
  5 rats
169 creatures vanquished.

Vanquished Creatures (others)
  3 fungi (D:3)
  A plant (D:3)
4 creatures vanquished.

Grand Total: 173 creatures vanquished

Notes
Turn   | Place    | Note
-------+----------+-------------------------------------------
     0 | D:1      | Newt the Kobold Hunter began the quest for the Orb.
     0 | D:1      | Reached XP level 1. HP: 12/12 MP: 1/1
   123 | D:1      | Reached XP level 2. HP: 18/18 MP: 2/2
   138 | D:1      | Found a faded altar of an unknown god.
   459 | D:1      | Reached XP level 3. HP: 23/23 MP: 3/3
   789 | D:2      | Identified the ring of Pahoaw {+Blink rCorr Str+6}
  1047 | D:2      | Found Riucutro's Distillery.
  1104 | D:2      | Reached XP level 4. HP: 25/30 MP: 4/4
  1444 | D:3      | Found Kaowk's Assorted Antiques.
  1450 | D:3      | Bought a scroll of identify for 38 gold pieces
  1511 | D:3      | Found an ornate altar of the Wu Jian Council.
  1777 | D:3      | Found a runed translucent door.
  1780 | D:3      | Noticed Crazy Yiuf
  1787 | D:3      | Killed Crazy Yiuf
  1788 | D:3      | Reached skill level 5 in Fighting
  1788 | D:3      | Reached XP level 5. HP: 31/35 MP: 5/5
  1791 | D:3      | Identified the +7 hammer "Firar" {drain, rN+}
  2097 | D:3      | Reached skill level 6 in Ranged Weapons
  2147 | D:4      | Noticed a human
  2161 | D:4      | Found a runed translucent door.
  2185 | D:4      | Found a basalt altar of Yredelemnul.
  2270 | D:4      | Reached skill level 7 in Ranged Weapons
  2270 | D:4      | Reached XP level 6. HP: 40/40 MP: 6/6
  2664 | D:4      | Identified the +2 robe of the Armoured One {rCorr Int+3
                  | Archmagi}
  2921 | D:4      | Found a hide-covered altar of Uskayaw.
  2968 | D:4      | Identified a scroll of acquirement
  2968 | D:4      | Acquired the +8 arbalest "Zuatz" {freeze, rPois Dex+3}
  3289 | D:5      | Entered Level 5 of the Dungeon
  3407 | D:5      | Reached skill level 8 in Ranged Weapons
  3536 | D:5      | Reached XP level 7. HP: 44/44 MP: 7/7
  3538 | D:5      | Reached skill level 9 in Ranged Weapons
  4345 | D:6      | Noticed Grinder
  4349 | D:6      | Killed Grinder
  4350 | D:6      | Reached skill level 10 in Ranged Weapons
  4350 | D:6      | Reached XP level 8. HP: 49/49 MP: 8/8
  4415 | D:6      | Reached skill level 11 in Ranged Weapons
  4538 | D:6      | Found a bloodstained altar of Trog.
  4598 | D:6      | Found a glowing drain.
  4602 | Sewer    | Entered a sewer
  4776 | Sewer    | Reached skill level 12 in Ranged Weapons
  5181 | D:6      | Found a glowing silver altar of Zin.
  5339 | D:6      | Noticed Menkaure
  5343 | D:6      | Killed Menkaure
  5506 | D:6      | Noticed Sigmund
  5508 | D:6      | Killed Sigmund
  5509 | D:6      | Reached skill level 13 in Ranged Weapons
  5509 | D:6      | Reached XP level 9. HP: 54/54 MP: 9/9
  5535 | D:6      | Found a sacrificial altar of Ru.
  5599 | D:6      | Found an opulent altar of Gozag.
  5702 | D:7      | Found Wega's Self-Improvement Boutique.
  5720 | D:7      | Noticed Pikel
  5721 | D:7      | Killed Pikel
  5722 | D:7      | Reached skill level 14 in Ranged Weapons
  5842 | D:7      | Found a radiant altar of Vehumet.
  5987 | D:7      | Found a staircase to the Ecumenical Temple.
  6065 | Temple   | Entered the Ecumenical Temple
  6275 | D:7      | Found a hazy altar of Hepliaklqana.
  6339 | D:7      | Found a shimmering altar of Xom.
  6381 | D:7      | Became a worshipper of Hepliaklqana the Forgotten
  6552 | D:8      | Noticed a two-headed ogre
  6554 | D:8      | Noticed a two-headed ogre
  6564 | D:8      | Killed a two-headed ogre
  6565 | D:8      | Reached XP level 10. HP: 32/64 MP: 10/10
  6567 | D:8      | Killed a two-headed ogre
  6568 | D:8      | Reached skill level 15 in Ranged Weapons
  6584 | D:8      | HP: 2/64 [orc warrior/bolt (11)]
  6586 | D:8      | Shot with a bolt by an orc warrior

Illustrated notes

Levels and vault maps discovered:
D:1:      ebering_trefoil_3fold, layout_loops_ring, shapermc_ecumenical_altar_gd
D:2:      layout_basic, serial_shops, nicolae_shop_stone,
          minmay_misc_feat_alley, corexii_hall_statues_l
D:3:      layout_loops_ring, mainiacjoe_overflow_boulevard, serial_shops, shop,
          uniq_crazy_yiuf_cottage
D:4:      layout_cave_pools, dk_yredelemnul_ordeal, lemuel_tele_altar
D:5:      layout_basic
D:6:      layout_cave_pools, grunt_gozag_breadcrumbs, trog_book, zin_statuary,
          lemuel_coloured_pillars_altar, gup_sewer_entry_bowl,
          kennysheep_small_circle, uniq_menkaure, uniq_grinder, uniq_sigmund
D:7:      layout_rooms, xom_teletrap_fun, mainiacjoe_overflow_surrounded_room,
          mainiacjoe_overflow_alcove_2, minmay_temple_entry_glassed_door,
          nicolae_shop_self_help, uniq_pikel
D:8:      layout_basic, mainiacjoe_overflow_tiny_flanked,
          david_defended_altar_orc
Temple:   nicolae_temple_great_sept

Skill      XL: |  1  2  3  4  5  6  7  8  9 10 |
---------------+-------------------------------+-----
Fighting       | 3 4 5 8 |  8.0
Ranged Weapons | 7 8 10 13 14 15 | 15.9
Dodging        | 6 |  6.0
Stealth        | |  1.3

Action                     |  1- 3 |  4- 6 |  7- 9 | 10-12 || total
---------------------------+-------+-------+-------+-------++-------
   Fire: Shortbow          |    88 |    95 |       |       ||   183
         Arbalest          |       |    28 |   139 |    17 ||   184
    Use: Scroll            |     4 |    10 |     3 |       ||    17
         Potion            |     1 |     2 |       |     1 ||     4
 Armour: Leather armour    |     4 |    12 |     4 |     3 ||    23
  Dodge: Dodged            |    22 |    37 |    47 |    19 ||   125

Table legend: (Time is in decaauts)
 A = Elapsed time spent in this place.
 B = Non-inter-level travel time spent in this place.
 C = Inter-level travel time spent in this place.
 D = Time resting spent in this place.
 E = Time spent auto-exploring this place.
 F = Levels seen in this place.
 G = Mean time per level.
                   A        B        C        D        E       F      G
               +--------+--------+--------+--------+--------+-----+--------+
         Total |   6828 |   6585 |    243 |    433 |   5293 |  10 |  682.8 |
       Dungeon |   6033 |   5793 |    240 |    433 |   4594 |   8 |  754.1 |
        Temple |    147 |    145 |      2 |      0 |    137 |   1 |  147.0 |
         Sewer |    647 |    647 |      0 |      0 |    562 |   1 |  647.0 |
               +--------+--------+--------+--------+--------+-----+--------+

Top non-repeatable levels by time:
     D:4: 1184 daAuts
     D:5: 1059 daAuts
     D:6: 823 daAuts
     D:1: 785 daAuts
     D:3: 776 daAuts
     D:7: 718 daAuts
   Sewer: 647 daAuts
     D:2: 597 daAuts
  Temple: 147 daAuts
     D:8: 88 daAuts
